 Dungeon Crawl Stone Soup version 0.28-a0-1038-g9c4cb8273d (webtiles) character file.

Game seed: 2594125601733574960

11887 siradein the Fighter (level 11, -8/97 HPs)
             Began as a Pale Draconian Fighter on Dec 8, 2021.
             Was a Priest of Yredelemnul.
             Mangled by a slime creature (17 damage)
             ... on level 14 of the Dungeon.
             The game lasted 00:41:58 (13215 turns).

siradein the Fighter (Pale Draconian Fighter)      Turns: 13215, Time: 00:41:59

Health: -8/97      AC:  8    Str: 21    XL:     11   Next: 55%
Magic:  15/15      EV: 19    Int:  8    God:    Yredelemnul [***...]
Gold:   715        SH: 11    Dex: 13    Spells: 10/10 levels left

rFire   . . .      SeeInvis .   q - +0 morningstar (vorpal)
rCold   . . .      Faith    .   b - +0 buckler
rNeg    . . .      Spirit   .   (armour unavailable)
rPois   +          Reflect  +   (helmet restricted)
rElec   .          Harm     .   (no cloak)
rCorr   .          Rampage  .   p - +0 pair of gloves
Will    .....                   (no boots)
Stlth   +.........              P - amulet of reflection
HPRegen 0.26/turn               x - ring of poison resistance
MPRegen 0.14/turn               e - +4 ring of evasion

@: no status effects
A: breathe steam, AC +7, unfitting armour, cold-blooded, steam resistance
a: Breathe Steam, Renounce Religion, Recall Undead Slaves, Injury Mirror,
Animate Dead


You were on level 14 of the Dungeon.
You worshipped Yredelemnul.
Yredelemnul was most pleased with you.
You visited 2 branches of the dungeon, and saw 13 of its levels.
You also visited: Sewer and Ossuary.

You collected 760 gold pieces.
You spent 45 gold pieces at shops.

Inventory:

Hand Weapons
 q - a +0 vorpal morningstar (weapon)
 s - a +2 flail of draining
Missiles
 h - 33 poisoned darts
 n - 10 boomerangs
Armour
 b - a +0 buckler (worn)
 p - a +0 pair of gloves (worn)
Jewellery
 e - a +4 ring of evasion (right hand)
 g - a ring of fire
 t - a ring of wizardry
 x - a ring of poison resistance (left hand)
 M - an amulet of magic regeneration
 O - a +6 ring of strength
 P - an amulet of reflection (around neck)
Wands
 r - a wand of iceblast (42)
 u - a wand of flame (50)
 v - a wand of polymorph (13)
 B - a wand of mindburst (15)
 C - a wand of acid (10)
 Q - a wand of charming (6)
 R - a wand of paralysis (9)
Scrolls
 d - a scroll of acquirement {unknown}
 i - 3 scrolls of teleportation
 l - 4 scrolls of magic mapping
 o - a scroll of silence {unknown}
 w - 2 scrolls of vulnerability {unknown}
 y - a scroll of enchant armour {unknown}
 A - a scroll of brand weapon {unknown}
 E - a scroll of enchant weapon {unknown}
 H - a scroll of holy word {unknown}
 I - a scroll of blinking {unknown}
 L - 2 scrolls of amnesia
Potions
 a - a potion of degeneration {unknown}
 c - 4 potions of might
 f - a potion of resistance {unknown}
 j - 2 potions of flight {unknown}
 k - 3 potions of magic
 m - 4 potions of mutation {unknown}
 z - 2 potions of haste {unknown}
 D - 6 potions of heal wounds
 F - a potion of lignification {unknown}
 G - 4 potions of curing
 J - a potion of attraction {unknown}
 K - a potion of invisibility {unknown}
 N - 2 potions of brilliance


   Skills:
 + Level 9.5 Fighting
 + Level 8.3 Maces & Flails
 + Level 7.9 Dodging
 + Level 8.7 Shields
 + Level 5.8 Invocations
 + Level 8.0 Evocations


You had 10 spell levels left.
You didn't know any spells.
Your spell library contained the following spells:

 Spells                   Type           Power      Damage    Failure   Level
 Foxfire                  Conj/Fire      0%         2x1d4     41%         1
 Conjure Flame            Conj/Fire      0%         6-21      78%         3
 Inner Flame              Hex/Fire       0%         N/A       78%         3
 Flame Wave               Conj/Fire      0%         2d4       99%         4
 Iskenderun's Battlesphe  Conj           0%         2d6       100%        5
 Conjure Ball Lightning   Conj/Air       0%         3x3d6     100%        6
 Starburst                Conj/Fire      0%         6d3       100%        6


Dungeon Overview and Level Annotations

Branches:
Dungeon (11/15)            Temple (1/1) D:6            Lair (0/6) D:9
  Sewer (visited)         Ossuary (visited)
    Orc: D:9-12

Altars:
Ashenzari
Cheibriados
Elyvilon
Fedhas
Gozag
Hepliaklqana
Kikubaaqudgha
Makhleb
Nemelex Xobeh
Sif Muna
Trog
Uskayaw
Vehumet
Wu Jian
Yredelemnul
Zin

Shops:
D:3 [   D:6 *

Portals:
Ice
Cave: D:14

Annotations:
D:14 4 runed translucent doors


Innate Abilities, Weirdness & Mutations

You can breathe blasts of scalding, opaque steam.
Your pale cyan-grey scales are hard. (AC +7)
You cannot fit into any form of body armour.
You are cold-blooded and may be slowed by cold attacks.
You are immune to the effects of steam.


Message History

Found a stone staircase leading up.
An entropy weaver simulacrum comes into view.
A troll and 2 simulacra come into view.
The troll shouts!
Found a stone staircase leading up.
A minotaur simulacrum comes into view.
The howler monkey hoots and howls with incredible vigour!
A slime creature comes into view.
The anaconda simulacrum barely misses you.
The anaconda simulacrum bites you but does no damage.
A spriggan defender simulacrum comes into view.
The entropy weaver simulacrum closely misses you.
The entropy weaver simulacrum hits you but does no damage.
You block the entropy weaver simulacrum's attack. x2
The death knight offers itself to Yredelemnul, and fills with unholy energy.
The anaconda simulacrum grabs you.
The anaconda simulacrum barely misses you.
The anaconda simulacrum constricts you.
A slime creature comes into view.
You escape the anaconda simulacrum's grasp.
You block the anaconda simulacrum's attack. x2
A spriggan defender simulacrum comes into view.
The troll bites you! The troll misses you. The troll claws you.
Found a potion of brilliance.
A slime creature comes into view.
The entropy weaver simulacrum barely misses you.
The entropy weaver simulacrum misses you.
You block the entropy weaver simulacrum's attack.
The entropy weaver simulacrum misses you.
The spriggan defender simulacrum hits you but does no damage.
The slime creature hits you! You block the troll's attack.
The troll completely misses you. The troll claws you!
Found a frozen archway.
The slime creature quivers.
The spriggan defender simulacrum hits you.
The spriggan defender simulacrum freezes you!!!
* * * LOW HITPOINT WARNING * * *
The slime creature hits you!
You die...
Your body rises from the dead as a mindless zombie.

,,,,,* *,,,,,,,**,,,,,,* ,,,***
*,,.....#*..∩..#* ,,,*
**##...........# *,**
*,.......#.....# *,*
****,##..#..#....#*
*,***,,,,,!..........##
*,,,,,*#,*##.#...Z....# *****
*******#.##......ZZ...# *,,,*****
,,,,,,**,..JJ...@Z....###.#..,,,,
####*,***##.####J.TZhZ......#***,
...#*,* #...# ##.W.#.####..* **
##.#*,# #...# #####.#***,,*
...##.# #..h# #h#*,,,,* ......#
#.hJ# #.#*,##.# ...#### #..p#
#p##....# .#.#
#.h.########J..#**,*****
.#.#######...##.J.p.h.#.# *,*,,,,


You could see 3 slime creatures, a freezing wraith, a troll, a howler monkey, an
anaconda simulacrum, 2 spriggan defender simulacra, a minotaur simulacrum and 2
entropy weaver simulacra.

Vanquished Creatures
  A two-headed ogre (D:8)
  Psyche (D:11)
  An unseen horror (D:10)
  A yaktaur (shapeshifter) (D:8)
  A troll (D:10)
  Sigmund (D:5)
  A shadow (D:5)
  A wyvern (D:7)
  11 yaks
  A vampire (D:8)
  A wraith (D:14)
  Eustachio (D:4)
  A vampire mosquito (D:8)
  Menkaure (D:4)
  Edmund (D:4)
  An acid dragon (D:9)
  Duvessa (D:6)
  4 water moccasins
  A sky beast (D:7)
  2 orc warriors
  Pargi (Sewer)
  A necrophage (D:8)
  A black bear (D:7)
  5 ice beasts
  An ogre (D:5)
  3 boggarts (D:14)
  7 centaurs
  2 phantoms
  Blork the orc (D:6)
  A kobold brigand (D:6)
  5 bullfrogs
  3 scorpions
  2 water moccasin zombies
  Dowan (D:6)
  6 killer bees
  2 howler monkeys
  4 centaur zombies
  A jelly (D:7)
  2 hounds
  A bullfrog skeleton (D:6)
  3 gnoll shamans (D:8)
  4 orc priests
  2 centaur skeletons
  Ijyb (D:4)
  2 iguanas
  5 orc wizards
  2 mummies (Ossuary)
  A howler monkey zombie (D:4)
  15 gnolls
  14 adders
  2 river rats (D:5)
  A shadow imp (D:7)
  A white imp (D:7)
  An ufetubus (D:5)
  6 adder zombies (Ossuary)
  A yak zombie (D:8)
  A worm (D:2)
  3 dart slugs
  27 orcs
  9 ball pythons
  8 endoplasms
  3 giant cockroaches
  3 goblins
  9 hobgoblins
  4 jackals
  10 kobolds
  5 quokkas
  An acid dragon zombie (D:9)
  4 bats
  A bullfrog zombie (D:7)
  8 frilled lizards
  5 gnoll zombies
  A hobgoblin zombie (Ossuary)
  A killer bee zombie (D:8)
  6 kobold zombies (Ossuary)
  17 orc zombies
  8 rats
279 creatures vanquished.

Vanquished Creatures (collateral kills)
  A centaur warrior (D:9)
  A two-headed ogre (D:9)
  A centaur zombie (D:10)
  A komodo dragon (D:9)
  A troll (D:11)
  3 yaks
  A gnoll sergeant (D:8)
  A killer bee (D:9)
  A howler monkey (D:8)
  An orc priest (D:8)
  2 gnolls (D:8)
14 creatures vanquished.

Vanquished Creatures (others)
  A two-headed ogre zombie (D:8)
  A water moccasin zombie (D:8)
  4 gnoll zombies (D:8)
  23 plants (D:9)
29 creatures vanquished.

Grand Total: 322 creatures vanquished

Notes
Turn   | Place    | Note
-------+----------+-------------------------------------------
     0 | D:1      | siradein the Draconian Fighter began the quest for the Orb.
     0 | D:1      | Reached XP level 1. HP: 19/19 MP: 1/1
   193 | D:1      | Reached XP level 2. HP: 23/26 MP: 2/2
   862 | D:1      | Reached XP level 3. HP: 16/33 MP: 3/3
  1755 | D:2      | Reached skill level 4 in Fighting
  1755 | D:2      | Reached XP level 4. HP: 36/40 MP: 4/4
  2149 | D:2      | Found a faded altar of an unknown god.
  2428 | D:2      | Reached XP level 5. HP: 46/46 MP: 5/5
  3096 | D:3      | Found Buhehemo's Armour Shop.
  3111 | D:3      | Bought a +0 pair of gloves for 45 gold pieces
  3280 | D:3      | Found a white marble altar of Elyvilon.
  3627 | D:2      | HP: 1/47 [poisoned by a gnoll]
  4504 | D:4      | Reached XP level 6. HP: 8/55 MP: 6/6
  4509 | D:4      | HP: 2/55 [poisoned by a scorpion]
  4819 | D:4      | Noticed Eustachio
  5255 | D:4      | Killed Eustachio
  5256 | D:4      | Reached skill level 5 in Fighting
  5393 | D:4      | Noticed Ijyb
  5406 | D:4      | Killed Ijyb
  5667 | D:4      | Noticed Edmund
  5689 | D:4      | Killed Edmund
  5690 | D:4      | Your scales start taking on a pale cyan-grey colour.
  5690 | D:4      | Reached skill level 1 in Evocations
  5690 | D:4      | Reached XP level 7. HP: 14/58 MP: 7/7
  5690 | D:4      | Gained mutation: You are immune to the effects of steam.
                  | [Pale Draconian growth]
  6094 | D:4      | Reached skill level 5 in Shields
  6104 | D:4      | Noticed Menkaure
  6137 | D:4      | Killed Menkaure
  6470 | D:5      | Entered Level 5 of the Dungeon
  6494 | D:5      | Found a radiant altar of Vehumet.
  6514 | D:5      | Reached XP level 8. HP: 59/70 MP: 8/8
  6516 | D:5      | Noticed Sigmund
  6518 | D:5      | Reached skill level 6 in Fighting
  6530 | D:5      | Killed Sigmund
  6531 | D:5      | Reached skill level 5 in Maces & Flails
  6531 | D:5      | Reached skill level 5 in Dodging
  6632 | D:5      | Found a glowing drain.
  6651 | Sewer    | Entered a sewer
  6918 | Sewer    | Noticed Pargi
  6927 | Sewer    | Killed Pargi
  7532 | D:6      | Reached XP level 9. HP: 52/78 MP: 9/9
  7535 | D:6      | Noticed Dowan
  7536 | D:6      | Noticed Duvessa
  7551 | D:6      | Killed Duvessa
  7552 | D:6      | Reached skill level 7 in Fighting
  7792 | D:6      | Killed Dowan
  7857 | D:6      | Found a hide-covered altar of Uskayaw.
  7891 | D:6      | Got Kepseoze's Handbook of Conjuration
  7916 | D:6      | Found a staircase to the Ecumenical Temple.
  7927 | Temple   | Entered the Ecumenical Temple
  7937 | Temple   | Became a worshipper of Yredelemnul the Dark
  7975 | D:6      | Found Zorynuq's Overcharged Wands.
  8003 | D:6      | Found a sand-covered staircase.
  8011 | Ossuary  | Entered an ossuary
  8112 | Ossuary  | Reached * piety under Yredelemnul
  8228 | D:6      | Noticed Blork the orc
  8235 | D:6      | Killed Blork the orc
  8259 | D:6      | Reached skill level 5 in Evocations
  8664 | D:7      | Reached skill level 1 in Invocations
  9139 | D:7      | Found a sparkling altar of Nemelex Xobeh.
  9230 | D:7      | Reached XP level 10. HP: 88/88 MP: 11/11
  9318 | D:8      | Reached skill level 8 in Fighting
  9366 | D:8      | Found a hazy altar of Hepliaklqana.
  9368 | D:8      | Noticed a two-headed ogre
  9370 | D:8      | Found a burning altar of Makhleb.
  9382 | D:8      | Killed a two-headed ogre
  9669 | D:8      | Found a snail-covered altar of Cheibriados.
  9758 | D:8      | Found a blossoming altar of Fedhas.
 10027 | D:8      | Reached ** piety under Yredelemnul
 10161 | D:8      | Noticed a guardian serpent
 10161 | D:8      | Noticed a cyclops
 10161 | D:8      | a guardian serpent changed into a cyclops
 10170 | D:8      | a cyclops changed into a yaktaur
 10660 | D:9      | Noticed a centaur warrior
 10670 | D:9      | Killed a centaur warrior
 10864 | D:9      | Found a staircase to the Lair.
 10942 | D:9      | Noticed a two-headed ogre
 10948 | D:9      | Killed a two-headed ogre
 10949 | D:9      | Reached XP level 11. HP: 95/95 MP: 14/14
 11181 | D:9      | Reached skill level 9 in Fighting
 11414 | D:10     | Entered Level 10 of the Dungeon
 11503 | D:10     | Reached skill level 5 in Invocations
 11703 | D:10     | Reached *** piety under Yredelemnul
 12950 | D:11     | Noticed Psyche
 12958 | D:11     | Killed Psyche
 13003 | D:11     | Received a gift from Yredelemnul (2 flying skulls)
 13092 | D:11     | You fall into a shaft and drop 3 floors!
 13095 | D:14     | Noticed a deep elf pyromancer
 13142 | D:14     | Found a huge runed translucent gate.
 13142 | D:14     | Found a huge runed translucent gate.
 13142 | D:14     | Found a huge runed translucent gate.
 13142 | D:14     | Found a huge runed translucent gate.
 13188 | D:14     | Noticed a death knight
 13215 | D:14     | Found a frozen archway.
 13215 | D:14     | Mangled by a slime creature

Illustrated notes

Levels and vault maps discovered:
D:1:      minmay_arrival_solitary_statue, layout_basic, serial_bayou_pond_b,
          hex_intersection, minmay_crystal_water, minivault_23,
          corexii_leaking_fountain
D:2:      layout_basic, chequers_ecumenical_altar_island,
          minmay_tree_intersection, minmay_indecisive_spiral
D:3:      layout_basic, lemuel_doored_altar, serial_shops, shop
D:4:      layout_cave_pods, uniq_ijyb, uniq_menkaure, uniq_eustachio,
          uniq_edmund
D:5:      layout_loops_ring, nicolae_vehumet_radiance,
          cheibrodos_sewer_entry_sluice, minmay_strange_pillars, uniq_sigmund
D:6:      layout_basic, mainiacjoe_overflow_boulevard,
          minmay_temple_entry_proselytizer, nicolae_ossuary_entry_plus,
          nicolae_shop_overcharged_wands, uniq_blork_the_orc, uniq_duvessa
D:7:      layout_rooms, nemelex_spade_bored_becter, hex_large,
          kennysheep_generic_room_16
D:8:      minmay_slanted_spiral_squares, layout_loops_ring,
          mainiacjoe_overflow_alcove_1, lemuel_crystal_altar,
          jmf_multi_god_temple
D:9:      layout_irregular_city, david_lair_shrubbed, serial_rivers,
          chequers_serial_rivers_large_a, chequers_serial_rivers_small_a,
          chequers_serial_rivers_room_b, chequers_serial_rivers_small_a,
          chequers_serial_rivers_micro_c, chequers_serial_rivers_small_b
D:10:     layout_layer_cave
D:11:     layout_roguey, orc_0_dummy, ebering_ghost_reflecting_pool, uniq_psyche
D:14:     lemuel_bear_cage, layout_loops_cross, minmay_misc_feat_iff,
          portal_ice_cave_entry_ice_simulacra
Temple:   nicolae_temple_great_sept

Skill      XL: |  1  2  3  4  5  6  7  8  9 10 11 |
---------------+----------------------------------+-----
Dodging        | 3 4 5 6 7 |  7.9
Fighting       | 4 5 6 7 8 9 |  9.5
Maces & Flails | 3 4 5 6 7 8 |  8.3
Shields        | 4 5 6 7 8 |  8.7
Evocations     | 1 2 4 5 7 8 |  8.0
Invocations    | 2 4 5 |  5.8

Action                   |  1- 3 |  4- 6 |  7- 9 | 10-12 || total
-------------------------+-------+-------+-------+-------++-------
Melee: Flail             |   103 |   125 |     3 |       ||   231
       Tailslap          |     5 |    24 |    19 |    28 ||    76
       Morningstar       |       |    99 |   171 |   152 ||   422
Throw: Dart              |       |     8 |       |       ||     8
       Boomerang         |       |     4 |       |       ||     4
Invok: Animate Remains   |       |       |     5 |    24 ||    29
       Animate Dead      |       |       |       |     7 ||     7
 Abil: Breathe Steam     |       |       |    47 |    34 ||    81
  Use: Potion            |       |     1 |       |       ||     1
       Scroll            |       |       |     5 |     4 ||     9
 Stab: Sleeping          |     3 |       |       |       ||     3
       Distracted        |       |       |     1 |       ||     1
Armor: Skin              |    29 |    75 |    39 |    51 ||   194
Dodge: Dodged            |    77 |   189 |   114 |   104 ||   484
Block: Buckler           |    30 |    57 |    43 |   118 ||   248

Table legend: (Time is in decaauts)
 A = Elapsed time spent in this place.
 B = Non-inter-level travel time spent in this place.
 C = Inter-level travel time spent in this place.
 D = Time resting spent in this place.
 E = Time spent auto-exploring this place.
 F = Levels seen in this place.
 G = Mean time per level.
                   A        B        C        D        E       F      G
               +--------+--------+--------+--------+--------+-----+--------+
         Total |  13447 |  13204 |    243 |   1133 |   9489 |  15 |  896.5 |
       Dungeon |  12850 |  12607 |    243 |   1133 |   9096 |  12 | 1070.8 |
        Temple |     20 |     20 |      0 |      0 |      0 |   1 |   20.0 |
         Sewer |    418 |    418 |      0 |      0 |    291 |   1 |  418.0 |
       Ossuary |    157 |    157 |      0 |      0 |    102 |   1 |  157.0 |
               +--------+--------+--------+--------+--------+-----+--------+

Top non-repeatable levels by time:
     D:4: 1878 daAuts
     D:2: 1644 daAuts
     D:3: 1597 daAuts
    D:10: 1503 daAuts
     D:1: 1458 daAuts
     D:8: 1103 daAuts
     D:9: 1018 daAuts
     D:5: 908 daAuts
     D:6: 758 daAuts
     D:7: 675 daAuts
   Sewer: 418 daAuts
    D:11: 179 daAuts
 Ossuary: 157 daAuts
    D:14: 123 daAuts
  Temple: 20 daAuts
